[Event "Live Chess"]
[Site "Chess.com"]
[Date "2023.05.21"]
[Round "-"]
[White "jbooth"]
[Black "EdenHazard8"]
[Result "1/2-1/2"]
[WhiteElo "1683"]
[BlackElo "1932"]
[TimeControl "300"]
[EndTime "5:39:52 PDT"]
[Termination "Game drawn by agreement"]

1. e4 c6 2. d4 d5 3. Nc3 dxe4 4. Nxe4 Nf6 5. Nxf6+ exf6 6. c3 Bd6 7. Bd3 O-O 8.
Ne2 Re8 9. O-O Nd7 10. Bf4 Nf8 11. Bxd6 Qxd6 12. Qc2 Ng6 13. Rae1 Be6 14. b3 Re7 15. Ng3 Rae8 16. Ne4 Qc7 17. Nc5 Bc8 18. Rxe7 Qxe7 19. Qd2 Qd6 20. Ne4 Qc7 21. Re1 Be6 22. Nc5 Nf4 23. f3 Nxd3 24. Nxd3 Kf8 25. Qf4 Qxf4 26. Nxf4 Bd7 27. Rxe8+ Kxe8 28. Kf2 g6 29. Ke3 Ke7 30. h4 h5 31. Nd3 b6 32. c4 Bf5 33. Nb4 Bb1 34.
a3 Kd6 35. Nd3 Bxd3 36. Kxd3 c5 37. d5 a5 38. g4 f5 39. gxf5 gxf5 40. Kc3 f4 41. Kd3 f5 42. Kc3 Ke5 43. b4 a4 1/2-1/2

[Event "Live Chess"]
[Site "Chess.com"]
[Date "2023.05.21"]
[Round "-"]
[White "Hussamalhaidar"]
[Black "sanjesh_ananda"]
[Result "1-0"]
[WhiteElo "1107"]
[BlackElo "1196"]
[TimeControl "300"]
[EndTime "5:40:03 PDT"]
[Termination "Hussamalhaidar won on time"]

1. b3 e5 2. Bb2 Nc6 3. e3 d5 4.
Bb5 Bd7 5. Bxc6 Bxc6 6. Bxe5 Qg5 7. Nf3 Qxg2 8. Rg1 Qh3 9. Rxg7 f6 10. Rxc7 fxe5 11.
Nxe5 Bd6 12. Rxc6 bxc6 13. Nxc6 Qxh2 14. Qf3 Qg1+ 15. Ke2 Qg7 16. Qh5+ Qg6 17. Qxd5 Ne7 18. Nxe7 Kxe7 19. Qb7+ Ke6 20. Nc3 Qg4+ 21. f3 Qg2+ 22.
Kd3 Qg6+ 23. Ne4 Rab8 24. Qxa7 Rhd8 25. Ke2 Qg2+ 26. Nf2 Bg3 27. Qa6+ Rd6 28. Qc4+ Ke7 29.
Qc7+ Rd7 30. Qc5+ Kd8 31. Qf8+ Kc7 32. Qc5+ Kb7 33. Qb5+ Kc8 34. Qc5+ Rc7 35. Qf8+ Kb7 36. Qb4+ Ka8 37. Qa5+ Ra7 38. Qd5+ Rbb7 39. Qd8+ Bb8 40. Rh1 1-0

[Event "Live Chess"]
[Site "Chess.com"]
[Date "2023.05.21"]
[Round "-"]
[White "Biranidun"]
[Black "grillage"]
[Result "1-0"]
[WhiteElo "2524"]
[BlackElo "1796"]
[TimeControl "300"]
[EndTime "5:40:11 PDT"]
[Termination "Biranidun won by resignation"]

1. e4 d5 2. exd5 Qxd5 3. Nc3 Qd8 4. d4 Nf6 5. Nf3 Bg4 6. h3 Bxf3 7. Qxf3 c6 8. g4 e6 9. g5 Nd5 10. Ne4 Be7 11.
a3 Nd7 12. h4 Qc7 13. c4 Qa5+ 14. Bd2 Bb4 15. cxd5 Bxd2+ 16. Nxd2 cxd5 17. Qc3 Qb6 18. Qb4 Qc7 19. Bb5 a6 20. Bxd7+ Qxd7 21. Rc1 a5 22.
Qc5 b6 23. Qc6 1-0

[Event "Live Chess"]
[Site "Chess.com"]
[Date "2023.05.21"]
[Round "-"]
[White "Greenbecker"]
[Black "mattihelenius2"]
[Result "1-0"]
[WhiteElo "1684"]
[BlackElo "491"]
[TimeControl "300"]
[EndTime "5:40:12 PDT"]
[Termination "Greenbecker won by resignation"]

1. e4 Nf6 2. Nc3 e5 3. Nf3 Bb4 4.
d3 Nc6 5. Bg5 d6 6. a3 Qe7 7. axb4 h6 8. Nd5 Nxb4 9. Nxe7 Kd8 10. Bxf6 Ke8 11. Nd5 Kd7 12. Nxb4 1-0

[Event "Live Chess"]
[Site "Chess.com"]
[Date "2023.05.21"]
[Round "-"]
[White "Ed_Knox"]
[Black "WelshTiger"]
[Result "0-1"]
[WhiteElo "1453"]
[BlackElo "2300"]
[TimeControl "300"]
[EndTime "5:40:13 PDT"]
[Termination "WelshTiger won on time"]

1. d4 d5 2. Bf4 e6 3. e3 Bd6 4.
Bg3 Nf6 5. Nd2 c5 6. c3 Qe7 7.
Bxd6 Qxd6 8. Ngf3 Nc6 9. Bb5 O-O 10. Bxc6 bxc6 11. O-O cxd4 12. exd4 c5 13. dxc5 Qxc5 14. Re1 Rb8 15. Nb3 Qb6 16. Ne5 a5 17. Nd3 Nd7 18. Qg4 Ba6 19. Re3 Nf6 20. Qd4 Qxd4 21. cxd4 Bxd3 22.
Rxd3 a4 23. Nc5 Rxb2 24. Nxa4 Rc2 25. Nc5 Ra8 26. a4 Rc4 27. Rb1 g6 28. a5 Rxa5 29. g3 Ne4 30. Nd7 Kg7 31. Ne5 Rca4 32. Rb7 Ra7 33.
Rb2 Nd6 34. Nc6 Rc7 35. Rb6 Nf5 36. h4 Rc4 37. Ne5 Rxd4 38. Rxd4 Nxd4 39. Nf3 Nxf3+ 0-1

[Event "Live Chess"]
[Site "Chess.com"]
[Date "2023.05.21"]
[Round "-"]
[White "zdanevych"]
[Black "Olisingapore"]
[Result "0-1"]
[WhiteElo "1517"]
[BlackElo "1773"]
[TimeControl "300"]
[EndTime "5:40:14 PDT"]
[Termination "Olisingapore won by resignation"]

1. d4 Nf6 2. c4 e6 3. Nc3 Bb4 4.
a3 Bxc3+ 5. bxc3 c5 6. Nf3 Nc6 7. Bg5 d6 8. e3 b6 9. d5 exd5 10. cxd5 Ne7 11. c4 Ng6 12. h3 h6 13. Bxf6 Qxf6 14.
Bd3 O-O 15. O-O Ne5 16. Nxe5 Qxe5 17. Rc1 Qg5 18. Kh1 Re8 19. Bb1 f5 20. Qb3 Bd7 21. Qd3 Re7 22. Rc2 Rae8 23. Re2 Qh5 24. Rfe1 g5 25. Bc2 g4 26. Kh2 gxh3 27. gxh3 f4 28.
Qg6+ Qxg6 29. Bxg6 Rf8 30. exf4 Rg7 31. f5 Bxf5 32. Bxf5 Rxf5 33. Re8+ Rf8 34. R1e7 h5 35. Rxf8+ Kxf8 36. Rxg7 Kxg7 37. Kg3 Kf6 38. Kf4 a6 39. h4 b5 40. cxb5 axb5 41. Ke3 Ke5 42. f4+ Kxd5 43. Kf3 c4 44. f5 Ke5 0-1

[Event "Live Chess"]
[Site "Chess.com"]
[Date "2023.05.21"]
[Round "-"]
[White "Ferrarifan27"]
[Black "JoshMcK"]
[Result "1-0"]
[WhiteElo "2058"]
[BlackElo "1572"]
[TimeControl "300"]
[EndTime "5:40:28 PDT"]
[Termination "Ferrarifan27 won by resignation"]

1. e4 d6 2. d4 Nf6 3. Nc3 g6 4. Nf3 Bg7 5. Bg5 O-O 6. Qd2 Ng4 7. h3 Nf6 8. Bh6 Nc6 9. Bb5 Nb4 10. a3 Bxh6 11. Qxh6 Nxc2+ 12. Kd2 Nxa1 13. Rxa1 Bd7 14. Bd3 e5 15. d5 c6 16. dxc6 Bxc6 17. Ke2 Qb6 18.
b4 a6 19. Qg5 Qd8 20. h4 Nh5 21. Qh6 f5 22. exf5 Rxf5 23. Bxf5 Nf4+ 24. Kf1 gxf5 25. Rd1 Qe8 26. Qxd6 Bb5+ 27. Kg1 Ne2+ 28. Nxe2 Bxe2 29. Re1 Bxf3 30. Rxe5 Qg6 31. Qxg6+ hxg6 32. gxf3 Rc8 33. Re7 b5 34. Re6 Kf7 35. Rxa6 Rc3 36. Kg2 Rb3 37.
Kg3 Kg7 38. Rb6 Rxa3 39. Rxb5 Rb3 40. Rb8 Kf6 41. b5 Ke5 42. b6 f4+ 43. Kg4 Kd6 44.
Kxf4 Kc6 45. Rg8 Kxb6 46. Rb8+ 1-0

[Event "Live Chess"]
[Site "Chess.com"]
[Date "2023.05.21"]
[Round "-"]
[White "MJMykh"]
[Black "whatnot126"]
[Result "0-1"]
[WhiteElo "1152"]
[BlackElo "2058"]
[TimeControl "300"]
[EndTime "5:40:28 PDT"]
[Termination "whatnot126 won by resignation"]

1. e4 d6 2. d4 Nf6 3. Nc3 g6 4. Nf3 Bg7 5. Bc4 O-O 6. Ng5 c6 7. Nxf7 Rxf7 8. Bxf7+ Kxf7 9. O-O Nbd7 10. Bg5 h6 11.
Bxf6 exf6 12. Qf3 Qb6 13. Rab1 Qxd4 14. Qd3 Qxd3 15. cxd3 Nc5 16. Rfd1 f5 17. exf5 Bxf5 18. h3 Bxd3 19. Rbc1 Rd8 20. b4 Ne4 21. Nxe4 Bxe4 22.
f3 Bf5 23. Rd2 d5 24. Re2 d4 25. Rce1 d3 26. Re7+ Kg8 27. Rxb7 d2 28. Rd1 Bc2 29.
Rxd2 Rxd2 30. Rxa7 Bd4+ 31. Kh2 Bxa7 0-1

[Event "Live Chess"]
[Site "Chess.com"]
[Date "2023.05.21"]
[Round "-"]
[White "JackRudd"]
[Black "The_Straightforward_Rook"]
[Result "1-0"]
[WhiteElo "2488"]
[BlackElo "1986"]
[TimeControl "300"]
[EndTime "5:40:29 PDT"]
[Termination "JackRudd won on time"]

1. d4 Nf6 2. c4 e6 3. Nc3 Bb4 4. f3 c5 5. d5 b5 6. e4 d6 7. dxe6 Bxe6 8. cxb5 O-O 9. Ne2 d5 10. Bd2 d4 11. Nb1 Re8 12. Nf4 Qb6 13. Bxb4 cxb4 14. Nxe6 Rxe6 15. Bd3 Nd5 16. O-O Ne3 17. Qc1 Nd7 18. Rf2 Nc5 19. Bc4 Rg6 20. Nd2 h5 21.
Nf1 Ne6 22. Bxe6 fxe6 23. Nxe3 dxe3 24. Re2 Qxb5 25. Qxe3 Rf8 26. b3 h4 27. h3 Rg3 28.
Rf1 Rf6 29. Rc2 Rfg6 30. Rd1 Kh7 31. Kh2 Qe5 32. Kh1 Qf6 33. e5 Qf5 34. Re2 a5 35.
Qe4 Qxe4 36. Rxe4 Rxg2 37. Rxh4+ Kg8 38. Rg4 R6xg4 39. hxg4 Rxa2 40. Rd6 Kf7 41. Kg1 Rb2 42. Rd3 Re2 43. f4 Re4 44. Rf3 Ke7 45. Kf2 g5 46. fxg5 Rxg4 47. Rh3 Rxg5 48. Rh7+ Kd8 49. Ra7 Rxe5 50.
Kf3 Rc5 51. Ke4 Rc3 52. Rxa5 Rxb3 53. Ra7 Rc3 54. Kd4 Rc7 55. Ra8+ Kd7 56. Rb8 Kc6 57. Rxb4 Rd7+ 58. Ke5 Rd5+ 59. Kxe6 Rd6+ 60. Ke5 Rd5+ 61.
Ke4 Rd6 62. Rc4+ Kd7 63. Rc1 Rc6 64. Rh1 Rd6 65. Ke5 Re6+ 66. Kd5 Re7 67. Rh6 Rf7 68. Ra6 Re7 69. Ra8 Kc7 70. Kc5 Rd7 71. Ra6 Re7 72.
Ra7+ Kd8 73. Ra8+ Kd7 74. Ra7+ Kd8 75. Ra6 Kd7 76. Rg6 Ke8 77. Rg8+ Kd7 78. Rb8 Kc7 79. Rb3 Kd7 80. Kd5 Ke8 81. Kd6 Rd7+ 82. Ke6 Re7+ 83.
Kf6 Rf7+ 84. Kg6 Re7 85. Rd3 Rd7 86. Rf3 Re7 87. Kg5 Kd7 88. Rd3+ Ke8 89. Kg6 Rd7 90. Rb3 Re7 91. Kf6 Kd7 92. Rb7+ Kd6 93. Rxe7 1-0

[Event "Live Chess"]
[Site "Chess.com"]
[Date "2023.05.21"]
[Round "-"]
[White "CheckThis4"]
[Black "Tiltador"]
[Result "1-0"]
[WhiteElo "2515"]
[BlackElo "804"]
[TimeControl "300"]
[EndTime "5:40:30 PDT"]
[Termination "CheckThis4 won by checkmate"]

1. d4 d5 2. Nc3 e6 3. e4 c6 4. Bd3 Nf6 5. e5 Nfd7 6. Nce2 Bb4+ 7. c3 Be7 8. Nf4 O-O 9. Qg4 g6 10. Nf3 Nb6 11. h4 Nc4 12. h5 Na6 13. hxg6 fxg6 14. Nxg6 Rf7 15. Nxe7+ Kf8 16. Bh6+ Ke8 17. Qg8+ Kxe7 18.
Bg5+ Kd7 19. Qxd8# 1-0

[Event "Live Chess"]
[Site "Chess.com"]
[Date "2023.05.21"]
[Round "-"]
[White "garyjc"]
[Black "YrrriKharkiv"]
[Result "0-1"]
[WhiteElo "1040"]
[BlackElo "2072"]
[TimeControl "300"]
[EndTime "5:40:37 PDT"]
[Termination "YrrriKharkiv won by resignation"]

1. e4 Nf6 2. Nc3 d5 3. e5 Nfd7 4. Nf3 e6 5. d4 c5 6. Bb5 Nc6 7.
Bxc6 bxc6 8. O-O cxd4 9. Nxd4 Qc7 10. Re1 Nxe5 11. Bf4 Bd6 12. Bxe5 Bxe5 13. h3 Rb8 14. Qh5 Bxd4 0-1

[Event "Live Chess"]
[Site "Chess.com"]
[Date "2023.05.21"]
[Round "-"]
[White "HoarseyHorsey"]
[Black "Ian-Morley"]
[Result "1-0"]
[WhiteElo "1468"]
[BlackElo "1050"]
[TimeControl "300"]
[EndTime "5:40:57 PDT"]
[Termination "HoarseyHorsey won by resignation"]

1. d4 e5 2. dxe5 Nc6 3. Nf3 Qe7 4.
Bf4 Qb4+ 5. Bd2 Qxb2 6. Nc3 Bb4 7. Rb1 Qa3 8. Rb3 Qa5 9. a3 Bxc3 10. Bxc3 Qc5 11. e3 d6 12. exd6 Qxd6 13. Qxd6 cxd6 14. Bxg7 Be6 15. Bxh8 Bxb3 16. cxb3 Ne5 17. Nxe5 dxe5 18. Bxe5 Ne7 19. Bb5+ Nc6 20. Bxc6+ bxc6 21. O-O Rd8 22. Bd4 c5 23. Bxc5 Rd3 24. Rb1 Rd2 25. Kf1 Kd7 26. Ke1 Rc2 27. Bd4 Kd6 1-0

[Event "Live Chess"]
[Site "Chess.com"]
[Date "2023.05.21"]
[Round "-"]
[White "Doge_Dandolo"]
[Black "friarnator"]
[Result "0-1"]
[WhiteElo "1912"]
[BlackElo "2023"]
[TimeControl "300"]
[EndTime "5:41:06 PDT"]
[Termination "friarnator won by resignation"]

1. Nf3 Nf6 2. c4 g6 3. Nc3 Bg7 4. e4 O-O 5. d4 d6 6. Be2 e5 7. Be3 Nc6 8. h3 Re8 9. d5 Ne7 10. g4 a5 11. Qc2 Rf8 12. Rg1 Nd7 13. h4 Nc5 14. O-O-O Kh8 15. h5 a4 16. hxg6 fxg6 17.
Rh1 Kg8 18. Rdg1 Rxf3 19. Bxf3 Qf8 20. Qe2 Bd7 21. Rg3 g5 22. Bxg5 Ng6 23. Rgh3 Nf4 24. Bxf4 Qxf4+ 25. Kc2 Rf8 26. Rxh7 Qxf3 27. Qxf3 Rxf3 28.
R1h2 Bxg4 29. R7h4 Bd7 30. Rg2 Rh3 31. Rh5 Rxh5 0-1

[Event "Live Chess"]
[Site "Chess.com"]
[Date "2023.05.21"]
[Round "-"]
[White "Berdgross"]
[Black "JoRoSaR"]
[Result "0-1"]
[WhiteElo "682"]
[BlackElo "1686"]
[TimeControl "300"]
[EndTime "5:41:11 PDT"]
[Termination "JoRoSaR won by resignation"]

1. e4 c5 2. d4 cxd4 3. Qxd4 Nc6 4.
Qd1 g6 5. Bb5 Bg7 6. Nf3 e6 7.
Nc3 Nge7 8. Bxc6 Nxc6 9. O-O O-O 10. Na4 b6 11. Bd2 b5 12. Nc3 a6 13. a3 Bb7 14. b4 Nd4 15. Nxd4 Bxd4 16. Re1 Rc8 17. Ne2 Bxa1 18. Qxa1 Rxc2 19. Bc3 f6 20. e5 f5 21. g4 Qc7 22. Nd4 Rxc3 0-1

[Event "Live Chess"]
[Site "Chess.com"]
[Date "2023.05.21"]
[Round "-"]
[White "AbilifyXL"]
[Black "Brooms1989"]
[Result "1-0"]
[WhiteElo "1968"]
[BlackElo "1165"]
[TimeControl "300"]
[EndTime "5:41:21 PDT"]
[Termination "AbilifyXL won by resignation"]

1. d4 Nf6 2. c4 g6 3. Nc3 Bg7 4.
e4 d6 5. Be2 O-O 6. Bg5 h6 7.
Be3 Nbd7 8. Qd2 e5 9. dxe5 Nxe5 10. Bxh6 Be6 11. Bxg7 Kxg7 12. b3 Nfd7 13. h3 Rh8 14. f4 Nc6 15. Nf3 Nb6 16. Nd4 Nxd4 17. Qxd4+ Kg8 18. O-O Bxh3 19. Bf3 Bxg2 20. Bxg2 Qh4 21.
Qe3 Re8 22. Rae1 Qh2+ 23. Kf2 Qh4+ 24. Qg3 Qf6 25. Nd5 Nxd5 26. cxd5 Qb2+ 27. Re2 Qd4+ 28. Qe3 Qf6 29. Kg1 Qh4 30. Rfe1 Qh2+ 31. Kf2 Qh4+ 32.
Qg3 Qf6 33. Qf3 Qh4+ 34. Qg3 Qf6 35. Rh1 Qd4+ 36. Qe3 Qxe3+ 37. Rxe3 Rxh1 38. Bxh1 Kg7 39. e5 dxe5 40. fxe5 Kh6 41. d6 cxd6 42. exd6 Rd8 43. Rd3 b6 44. d7 Kg7 45. Bc6 Kf6 46. Re3 Kg7 47. Re8 Rxe8 48. dxe8=Q Kf6 1-0

[Event "Live Chess"]
[Site "Chess.com"]
[Date "2023.05.21"]
[Round "-"]
[White "YrrriKharkiv"]
[Black "MJMykh"]
[Result "1-0"]
[WhiteElo "2072"]
[BlackElo "1152"]
[TimeControl "300"]
[EndTime "5:41:25 PDT"]
[Termination "YrrriKharkiv won by resignation"]

1. d4 d5 2. Nf3 Nc6 3. c4 dxc4 4. Nc3 Nf6 5. d5 Nb8 6. e4 e6 7. Bxc4 exd5 8. exd5 Bb4 9. Qa4+ b5 10. Qxb5+ c6 11. Qxb4 1-0

[Event "Live Chess"]
[Site "Chess.com"]
[Date "2023.05.21"]
[Round "-"]
[White "febray_27"]
[Black "LodeshChess"]
[Result "1-0"]
[WhiteElo "2006"]
[BlackElo "1182"]
[TimeControl "300"]
[EndTime "5:41:28 PDT"]
[Termination "febray_27 won by resignation"]

1. Nf3 c6 2. d4 d5 3. g3 Bg4 4. Bg2 Nf6 5. O-O e6 6. c4 Nbd7 7. Nc3 Nb6 8. c5 Nc4 9. b3 Na5 10. Ne5 Be7 11. Bd2 b6 12. b4 Nb7 13. Na4 bxc5 14.
bxc5 O-O 15. Nxc6 Qc7 16. Ne5 Bf5 17. Bf4 Be4 18. Ng6 Qd7 19. Nxf8 Bxf8 20. Rc1 Rc8 21. f3 Bg6 22. Qb3 h6 23. Rfd1 Na5 24. Qc2 Nc4 25. Qb3 Bh7 26. e4 g5 27. Be5 Nxe5 28.
dxe5 Ne8 29. exd5 exd5 30. Rxd5 Qe6 31. Rdd1 Qxb3 32. axb3 Nc7 33. b4 Ne6 34. Nc3 a5 35. bxa5 Rxc5 36. Nd5 Rxc1 37. Rxc1 Nd4 38. Nf6+ Kg7 39.
Nxh7 Kxh7 40. a6 Nb5 41. Rb1 Na7 42. Rb7 Bc5+ 43. Kf1 Kg6 44. Ke2 Kf5 45. Kd3 Kxe5 46. Rxf7 Kd6 47. Rf6+ Kd5 48. Rxh6 Ke5 49. Rh7 Kd5 50.
Rg7 g4 51. Rxg4 Kc6 52. Rg6+ Kb5 53. f4 Bb6 54. Bb7 Nc6 55. Rxc6 Bg1 56. Ke4 Ba7 57. f5 Bc5 58. Rxc5+ Kxc5 59. a7 Kb6 60. a8=Q 1-0

[Event "Live Chess"]
[Site "Chess.com"]
[Date "2023.05.21"]
[Round "-"]
[White "BillythekidFellowes"]
[Black "MarkLim1"]
[Result "1-0"]
[WhiteElo "2073"]
[BlackElo "1702"]
[TimeControl "300"]
[EndTime "5:41:44 PDT"]
[Termination "BillythekidFellowes won on time"]

1. e4 c6 2. Nf3 d5 3. exd5 cxd5 4.
d4 Bg4 5. c4 Nc6 6. Nc3 e6 7. h3 Bh5 8. Qb3 Nf6 9. Qxb7 Rc8 10. cxd5 Bxf3 11. gxf3 Nxd4 12. Bg5 Nxf3+ 13. Kd1 Nxg5 14. Bb5+ Nd7 15. Re1 Be7 16. h4 Nf3 17. Re3 Nd4 18. dxe6 Nxe6 19. Ke1 Rc7 20. Qf3 O-O 21.
Rd1 Qc8 22. Nd5 Ne5 23. Rxe5 Bd6 24. Re2 Rc1 25. h5 Nd4 26. Qg2 Rxd1+ 27. Kxd1 Nxe2 28. Kxe2 Qe6+ 29. Ne3 Bc5 30. Bc4 Qe7 31. h6 g6 32.
Qd5 Bxe3 33. fxe3 Re8 34. Qd4 Qe5 35. Qxa7 Qh2+ 36. Kd3 Rd8+ 37. Kc3 Qe5+ 38. Kb3 Rb8+ 39. Ka4 Qe8+ 40. Ka3 Qf8+ 41. b4 1-0

[Event "Live Chess"]
[Site "Chess.com"]
[Date "2023.05.21"]
[Round "-"]
[White "tpm07"]
[Black "defenderalist"]
[Result "1-0"]
[WhiteElo "1947"]
[BlackElo "1641"]
[TimeControl "300"]
[EndTime "5:41:44 PDT"]
[Termination "tpm07 won by resignation"]

1. e4 e6 2. Nf3 b6 3. Nc3 Bb7 4. d4 Bb4 5. Bd3 Nf6 6. Qe2 O-O 7. O-O c5 8. a3 cxd4 9. Nxd4 Bxc3 10. bxc3 d5 11.
e5 Nfd7 12. f4 Qh4 13. Nf3 Qg4 14. h3 Qh5 15. f5 exf5 16. e6 Nc5 17. e7 Re8 18. Bb5 Nc6 19. Bxc6 Bxc6 20. Nd4 Qxe2 21. Nxe2 g6 22. Nd4 Bb5 23. Re1 Ba6 24. Bg5 Ne4 25. Bh4 f6 26. Nc6 Bb7 27. Nd8 Rxe7 28. Bxf6 Nxf6 29. Rxe7 Rxd8 30. Rxb7 Ne4 31. Rxa7 Nxc3 32.
Re1 Ne4 33. Rb1 Rc8 34. Rxb6 Nf6 35. Rxf6 1-0

[Event "Live Chess"]
[Site "Chess.com"]
[Date "2023.05.21"]
[Round "-"]
[White "seasidecastle27"]
[Black "Conradical12"]
[Result "1-0"]
[WhiteElo "1892"]
[BlackElo "1570"]
[TimeControl "300"]
[EndTime "5:41:55 PDT"]
[Termination "seasidecastle27 won by resignation"]

1. d4 d5 2. Nf3 Nf6 3. Bf4 Nc6 4. e3 Bf5 5. Bd3 Bxd3 6. Qxd3 e6 7. c3 Bd6 8. Bg3 Ne4 9. Nbd2 Nxg3 10. hxg3 Qf6 11. e4 dxe4 12. Nxe4 Qe7 13. Nxd6+ Qxd6 14. Rxh7 Rxh7 15.
Qxh7 O-O-O 16. O-O-O e5 17. Qxg7 exd4 18. Nxd4 Nxd4 19.
Rxd4 Qe6 20. Rxd8+ Kxd8 21. Qd4+ Kc8 22. Kd2 Qh6+ 23. f4 Qh2 24. Qf2 Kd7 25. Kc2 Kc6 26.
Kb3 Qh1 27. Qf3+ Kd7 28. Qd5+ Kc8 29. Qxf7 Qd1+ 30. Ka3 Qd6+ 31. b4 b5 32. Qe8+ Kb7 33. Qxb5+ Ka8 1-0

[Event "Live Chess"]
[Site "Chess.com"]
[Date "2023.05.21"]
[Round "-"]
[White "ameetghasi100"]
[Black "MartynColebrook"]
[Result "1-0"]
[WhiteElo "2603"]
[BlackElo "965"]
[TimeControl "300"]
[EndTime "5:41:59 PDT"]
[Termination "ameetghasi100 won by resignation"]

1. d4 Nf6 2. c4 g6 3. Nf3 Bg7 4. Nc3 d6 5. Bg5 O-O 6. Qd2 Nbd7 7. h4 e5 8. dxe5 Nxe5 9. O-O-O Nxf3 10. exf3 Bf5 11.
g4 Be6 12. h5 Qd7 13. Qf4 Ne8 14. hxg6 fxg6 15. Qh2 Rxf3 16. Qxh7+ Kf7 17. Bd3 Rxf2 18. Bxg6+ Kf8 19. Rdf1 Bd4 20. Rxf2+ Bxf2 21. Qh8+ Bg8 22. Rf1 1-0

[Event "Live Chess"]
[Site "Chess.com"]
[Date "2023.05.21"]
[Round "-"]
[White "Vitalii18a"]
[Black "manthanit"]
[Result "1-0"]
[WhiteElo "1142"]
[BlackElo "1087"]
[TimeControl "300"]
[EndTime "5:42:03 PDT"]
[Termination "Vitalii18a won on time"]

1. e4 e6 2. Nf3 d6 3. c3 b6 4. Bd3 Bb7 5. Bc2 Nd7 6. O-O g6 7. d4 Bg7 8. Bg5 Ne7 9. Qd2 d5 10.
e5 c5 11. Bh6 Bxh6 12. Qxh6 cxd4 13. cxd4 Nf5 14. Bxf5 exf5 15. Qg7 Ke7 16. Nc3 Qg8 17. Qh6 f6 18. exf6+ Nxf6 19. Rfe1+ Kf7 20. Ne5+ Ke7 21. Nxg6+ Kd6 22. Nxh8 Qxh8 23. Re2 Ba6 24. Re5 Bd3 25. Rae1 Kd7 26. Re7+ Kd6 27. R7e6+ Kd7 28. Rxf6 Re8 29. Rd6+ Kc7 30. Nb5+ Bxb5 31. Rxe8 Qxe8 32. h3 Qh8 33. Rxd5 Bc6 34. Qd6+ Kb7 35. Qe7+ Ka6 36. Qa3+ Kb7 37.
Rxf5 Qxd4 38. Qe7+ Kc8 39. Rf8+ 1-0

[Event "Live Chess"]
[Site "Chess.com"]
[Date "2023.05.21"]
[Round "-"]
[White "TheSmoulderingMaster"]
[Black "Tushinskiy"]
[Result "0-1"]
[WhiteElo "1636"]
[BlackElo "2221"]
[TimeControl "300"]
[EndTime "5:42:05 PDT"]
[Termination "Tushinskiy won by resignation"]

1. e4 e5 2. Nf3 d6 3. Bc4 Bg4 4.
O-O Nf6 5. h3 Bh5 6. d4 Nbd7 7. c3 c6 8. Bg5 Be7 9. Nbd2 Qc7 10.
Qb3 O-O 11. Nh4 Rfe8 12. Nf5 Bf8 13. f4 exd4 14. cxd4 Nxe4 15. Nxe4 Rxe4 16. Rae1 Rxe1 17. Rxe1 d5 18. Be2 Bg6 19. Bg4 Nb6 20. Be7 Bxf5 21. Bxf5 Bxe7 22. Qd3 g6 0-1

[Event "Live Chess"]
[Site "Chess.com"]
[Date "2023.05.21"]
[Round "-"]
[White "Duke_of_Bebington"]
[Black "elizaveta_frundina"]
[Result "0-1"]
[WhiteElo "1568"]
[BlackElo "1582"]
[TimeControl "300"]
[EndTime "5:42:20 PDT"]
[Termination "elizaveta_frundina won by checkmate"]

1. e4 c5 2. c3 b6 3. d4 Bb7 4. d5 Nf6 5. Bd3 e6 6. c4 exd5 7. cxd5 d6 8. Nc3 Be7 9. Nf3 O-O 10. O-O h6 11. Re1 Nbd7 12. Bf4 Qc7 13. Rc1 Ne5 14. Nxe5 dxe5 15. Bg3 c4 16. Nb5 Qd7 17. Bxc4 Rac8 18. Be2 Rxc1 19. Qxc1 Rc8 20. Qd2 Nxe4 21. Qe3 Nxg3 22.
hxg3 Qxd5 23. Bf3 Qxb5 24. Bxb7 Rc2 25. Qxe5 Qc5 26. Qb8+ Bf8 27. Qf4 Bd6 28. Re8+ Bf8 29. Be4 Rc1+ 30. Kh2 Qh5+ 31. Qh4 Qd1 32. Kh3 Qd7+ 33.
Qg4 Rh1# 0-1

[Event "Live Chess"]
[Site "Chess.com"]
[Date "2023.05.21"]
[Round "-"]
[White "grillage"]
[Black "Greenbecker"]
[Result "1-0"]
[WhiteElo "1802"]
[BlackElo "1678"]
[TimeControl "300"]
[EndTime "5:42:31 PDT"]
[Termination "grillage won by resignation"]

1. d4 d5 2. Nc3 Nf6 3. Bf4 c6 4. e3 Bf5 5. Bd3 Bxd3 6. cxd3 Nbd7 7. Nf3 Qb6 8. Qc2 e6 9. O-O c5 10. Na4 Qa5 11. Nxc5 Nxc5 12. dxc5 Qxc5 13. Rfc1 Rc8 14. Qd2 Qxc1+ 15. Rxc1 1-0

[Event "Live Chess"]
[Site "Chess.com"]
[Date "2023.05.21"]
[Round "-"]
[White "YrrriKharkiv"]
[Black "Berdgross"]
[Result "1-0"]
[WhiteElo "2072"]
[BlackElo "682"]
[TimeControl "300"]
[EndTime "5:43:04 PDT"]
[Termination "YrrriKharkiv won by resignation"]

1. d4 d5 2. Nf3 e6 3. c4 dxc4 4. Nc3 Nc6 5. e4 Bb4 6. Bxc4 Bxc3+ 7. bxc3 Nf6 8. Bg5 h6 9. Bh4 O-O 10. e5 Ne4 11. Bxd8 Rxd8 12. Qc2 Ng5 13. Nxg5 hxg5 14.
O-O Bd7 15. f4 gxf4 16. Rxf4 1-0

[Event "Live Chess"]
[Site "Chess.com"]
[Date "2023.05.21"]
[Round "-"]
[White "luckywookie"]
[Black "SupremeTactician"]
[Result "0-1"]
[WhiteElo "797"]
[BlackElo "2248"]
[TimeControl "300"]
[EndTime "5:43:12 PDT"]
[Termination "SupremeTactician won by checkmate"]

1. e4 e5 2. Nf3 Nc6 3. Bb5 a6 4. Bxc6 dxc6 5. c3 Bd6 6. d4 exd4 7. cxd4 Bg4 8. Be3 Ne7 9. Nc3 Ng6 10. h3 Bxf3 11.
Qxf3 O-O 12. e5 Bb4 13. O-O-O Bxc3 14. bxc3 Qe7 15. h4 Qa3+ 16. Kd2 Qb2+ 17. Ke1 Qxc3+ 18.
Kf1 Qc4+ 19. Kg1 Qd5 20. h5 Qxf3 21. gxf3 Ne7 22. h6 g6 23. Bg5 Nd5 24. Bf6 Nxf6 25.
exf6 Rad8 26. Kg2 Rd6 27. Rhe1 Rxf6 28. Re7 Rc8 29. Rde1 Kf8 30. Kg3 Rd6 31. R1e4 Rxd4 32. Rxd4 Kxe7 33. Re4+ Kf8 34. f4 Rd8 35. Kg4 f5+ 36. Kg5 fxe4 37. Kf6 Rd6+ 38. Ke5 Ke7 39. Kxe4 Re6+ 40. Kf3 Kf6 41. Kg4 Re4 42. f3 Ra4 43. Kg3 Kf5 44. Kh4 Rxf4+ 45. Kh3 Ra4 46. Kg3 Rxa2 47.
Kh4 Rg2 48. Kh3 Rg1 49. Kh2 Rg5 50. Kh3 Kf4 51. Kh4 a5 52. Kh3 a4 53. Kh4 a3 54. Kh3 a2 55. Kh4 a1=Q 56. Kh3 Qh1# 0-1

[Event "Live Chess"]
[Site "Chess.com"]
[Date "2023.05.21"]
[Round "-"]
[White "chessfiction"]
[Black "diana21strabt"]
[Result "1-0"]
[WhiteElo "2303"]
[BlackElo "1752"]
[TimeControl "300"]
[EndTime "5:43:15 PDT"]
[Termination "chessfiction won by resignation"]

1. e4 d5 2. d4 dxe4 3. f3 exf3 4. Nxf3 Nf6 5. Bc4 Bg4 6. Ne5 Be6 7. Bxe6 fxe6 8. O-O Nc6 9. Nxc6 bxc6 10. Nc3 g6 11. Qe2 Qxd4+ 12. Be3 Qd7 13. Rad1 Nd5 14. Bd4 Rg8 15.
Ne4 Bh6 16. Nc5 Qd6 17. Nxe6 Nf4 18. Nxf4 Bxf4 19. g3 Bh6 20. Qc4 Qd5 21. Qe2 c5 22. Bf6 Qf7 23. Bh4 Qg7 24. Qb5+ 1-0

[Event "Live Chess"]
[Site "Chess.com"]
[Date "2023.05.21"]
[Round "-"]
[White "LL220284LL"]
[Black "wadsy27"]
[Result "1/2-1/2"]
[WhiteElo "2276"]
[BlackElo "2551"]
[TimeControl "300"]
[EndTime "5:43:31 PDT"]
[Termination "Game drawn by agreement"]

1. Nf3 d5 2. d4 Nf6 3. c3 c6 4.
Bf4 Nh5 5. Be3 Qb6 6. Qb3 Bf5 7. Nbd2 Nd7 8. g3 e6 9. Bg2 Nhf6 10. O-O Bd6 11. a4 Qxb3 12. Nxb3 h6 13. a5 O-O 14.
Rfc1 b5 15. axb6 axb6 16. h3 Rfb8 17. Nfd2 Ne4 18. Nxe4 Bxe4 19. Bxe4 dxe4 20. Nd2 f5 21. Nc4 Bc7 22. Bf4 Bxf4 23. gxf4 b5 24. Ne5 Nxe5 25.
fxe5 Kf7 26. f3 exf3 27. exf3 g5 28. Kf2 Kg6 29. Kg3 f4+ 30. Kf2 Kf5 31. Ke2 h5 32. Kd3 Rxa1 33. Rxa1 g4 34. hxg4+ hxg4 35. fxg4+ Kxg4 36.
Ke4 Rf8 37. Rg1+ Kh5 38. Rf1 Kg4 39. Rg1+ Kh5 40. Kf3 b4 41. Rg4 Ra8 42. Kxf4 Ra2 43. cxb4 Rxb2 44. Rg8 Rxb4 45. Ke4 c5 46. Rd8 Kg6 47.
Kd3 cxd4 48. Rxd4 Rxd4+ 49. Kxd4 Kf5 50. Kd3 1/2-1/2